 Dungeon Crawl Stone Soup version 0.28-a0-991-g956f0ee3d5 (webtiles) character file.

Game seed: 14480537359457207133

39 voltaire321 the Conjurer (level 3, -2/23 HPs)
             Began as an Octopode Conjurer on Dec 4, 2021.
             Slain by Sigmund (10 damage)
             ... on level 2 of the Dungeon.
             The game lasted 00:03:28 (1304 turns).

voltaire321 the Conjurer (Octopode Conjurer)        Turns: 1304, Time: 00:03:28

Health: -2/23      AC:  1    Str:  6    XL:     3   Next: 47%
Magic:  1/6        EV: 13    Int: 26    God:
Gold:   26         SH:  0    Dex: 12    Spells: 3/6 levels left

rFire   . . .      SeeInvis .   d - +0 dagger
rCold   + . .      Faith    .   (no shield)
rNeg    . . .      Spirit   .   (helmet restricted)
rPois   .          Reflect  .   (no amulet)
rElec   .          Harm     .   c - ring of protection from cold
rCorr   .          Rampage  .   e - +6 ring of intelligence
Will    .....                   (no ring)
Stlth   +++.......              (no ring)
HPRegen 0.07/turn               (no ring)
MPRegen 0.10/turn               (no ring)
                                (no ring)
                                (no ring)

@: no status effects
A: almost no armour, amphibious, 8 rings, camouflage 1, gelatinous body 1,
(nimble swimmer 1), tentacles
a: no special abilities


You were on level 2 of the Dungeon.
You visited 1 branch of the dungeon, and saw 2 of its levels.

You collected 26 gold pieces.

Inventory:

Hand Weapons
 d - a +0 dagger (weapon)
Missiles
 b - 2 atropa-tipped darts
Jewellery
 c - a ring of protection from cold (left tentacle)
 e - a +6 ring of intelligence (right tentacle)
Scrolls
 f - a scroll of silence {unknown}
 g - a scroll of acquirement {unknown}
Potions
 a - 2 potions of curing {unknown}


   Skills:
 + Level 1.1 Fighting
 + Level 2.4 Dodging
 - Level 2.6 Stealth
 + Level 1.1 Unarmed Combat
 + Level 2.3 Spellcasting
 + Level 4.2 Conjurations


You had 3 spell levels left.
You knew the following spells:

 Your Spells              Type           Power      Damage    Failure   Level
a - Magic Dart            Conj           100%       1d8       1%          1
b - Searing Ray           Conj           50%        2d6       2%          2

Your spell library contained the following spells:

 Spells                   Type           Power      Damage    Failure   Level
 Dazzling Flash           Conj/Hex       28%        N/A       13%         3
 Fulminant Prism          Conj/Hex       7%         3d7       38%         4
 Iskenderun's Mystic Bla  Conj/Tloc      14%        2d5       38%         4


Dungeon Overview and Level Annotations

Branches:
Dungeon (2/15)

Altars:

Annotations:
D:2 Sigmund


Innate Abilities, Weirdness & Mutations

You cannot wear most types of armour.
You are amphibious.
You can wear up to eight rings at the same time.
Your skin changes colour to match your surroundings (Stealth+).
Your rubbery body absorbs attacks. (AC +1, EV +1)
((You are camouflaged near water. (Stealth+)))
You have tentacles for arms and can constrict up to eight enemies at once.


Message History

The hobgoblin is heavily wounded.
A ball python comes into view.
Casting: Magic Dart (safe; 1% risk of failure)
Confirm with . or Enter, or press ? or * to list all spells.
Aiming: Magic Dart (safe; 1% risk of failure)
Press: ? - help, Shift-Dir - straight line, f/p - hobgoblin
Aim: a hobgoblin (heavily wounded, 100% to hit)
The magic dart hits the hobgoblin.
You kill the hobgoblin!
Casting: Magic Dart (safe; 1% risk of failure)
Confirm with . or Enter, or press ? or * to list all spells.
Aiming: Magic Dart (safe; 1% risk of failure)
Press: ? - help, Shift-Dir - straight line, f - ball python
Aim: a ball python (100% to hit)
The magic dart hits the ball python.
You kill the ball python!
You start resting.
Magic restored.
Found a robe.
You see here a +0 robe.
A goblin and Sigmund come into view.
Found an escape hatch in the floor.
Found a stone staircase leading down.
Casting: Magic Dart (safe; 1% risk of failure)
Confirm with . or Enter, or press ? or * to list all spells.
Aiming: Searing Ray (safe; 2% risk of failure)
Press: ? - help, Shift-Dir - straight line, f - Sigmund
Aim: Sigmund, wielding a +4 scythe and wearing a +0 robe (wandering, hasn't noticed you, 77% to hit)
The searing ray misses Sigmund. (Press . to maintain the ray.) Sigmund shouts!
You hear a shout!
Sigmund casts a spell.
Sigmund flickers and vanishes!
Deactivating autopickup; reactivate with Ctrl-A.
The searing ray hits something!
Something hits you!
The searing ray hits something!
The searing ray hits something.
You finish channelling your searing ray.
Something hits you. Something hits you!
You die...

#.###. #.#
#. #.# ##
.#########
#.# #
.g>......
#.# #
....@...#
#.# # #{#
#.# # #.#
#.# # #@#
#.# # #.#
#.#### #.#
#.....
#####.#
######
#.....#
#..# #..
#.#####
#..# #..
#.# #..#
#.. #.#
#..# #..
#.# ###
#..# #..


There were no monsters in sight!

Vanquished Creatures
  An adder (D:2)
  5 ball pythons
  An endoplasm (D:1)
  4 giant cockroaches
  3 goblins (D:1)
  5 hobgoblins
  3 bats (D:1)
  4 frilled lizards (D:1)
  A rat (D:1)
27 creatures vanquished.

Notes
Turn   | Place    | Note
-------+----------+-------------------------------------------
     0 | D:1      | voltaire321 the Octopode Conjurer began the quest for the
                  | Orb.
     0 | D:1      | Reached XP level 1. HP: 11/11 MP: 3/3
   144 | D:1      | Reached XP level 2. HP: 18/18 MP: 0/5
   601 | D:1      | Learned a level 2 spell: Searing Ray
   794 | D:2      | Reached XP level 3. HP: 21/22 MP: 6/6
   891 | D:2      | Reached skill level 1 in Fighting
   891 | D:2      | Reached skill level 1 in Unarmed Combat
  1296 | D:2      | Noticed Sigmund
  1304 | D:2      | Slain by Sigmund

Illustrated notes

Levels and vault maps discovered:
D:1:      lightli_arrival_boilingwater, layout_loops_cross, lemuel_old_faithful
D:2:      layout_loops_ring, nicolae_ecumenical_lake_church, uniq_sigmund

Skill      XL: |  1  2  3 |
---------------+----------+-----
Fighting       | 1 |  1.1
Unarmed Combat | 1 |  1.1
Dodging        | |  2.4
Stealth        | |  2.6
Spellcasting   | |  2.3
Conjurations   | |  4.2

Action                   || total
-------------------------++-------
Melee: Unarmed           ||     3
       Dagger            ||    36
       Constrict         ||     7
       Tentacles         ||     5
 Cast: Magic Dart        ||    26
       Searing Ray       ||     1
 Stab: Sleeping          ||     4
Armor: Skin              ||     2
Dodge: Dodged            ||    25

Table legend: (Time is in decaauts)
 A = Elapsed time spent in this place.
 B = Non-inter-level travel time spent in this place.
 C = Inter-level travel time spent in this place.
 D = Time resting spent in this place.
 E = Time spent auto-exploring this place.
 F = Levels seen in this place.
 G = Mean time per level.
                   A        B        C        D        E       F      G
               +--------+--------+--------+--------+--------+-----+--------+
         Total |   1302 |   1284 |     18 |    447 |    589 |   2 |  651.0 |
       Dungeon |   1302 |   1284 |     18 |    447 |    589 |   2 |  651.0 |
               +--------+--------+--------+--------+--------+-----+--------+

Top non-repeatable levels by time:
     D:1: 787 daAuts
     D:2: 514 daAuts
